 Dungeon Crawl Stone Soup version 0.23.2-1-ga50397a (webtiles) character file.

Game seed: 1686288316750419368

119 IBeShadow the Skirmisher (level 4, -1/38 HPs)
             Began as a Demonspawn Chaos Knight on May 20, 2019.
             Was a Plaything of Xom.
             Slain by an orc
             ... wielding a +0 trident
              (4 damage)
             ... on level 3 of the Dungeon.
             The game lasted 00:03:08 (2506 turns).

IBeShadow the Skirmisher (Demonspawn Chaos Knight)  Turns: 2506, Time: 00:03:08

Health: -1/38      AC:  8    Str: 13    XL:     4   Next: 74%
Magic:  4/4        EV:  6    Int: 13    God:    Xom [.*....]
Gold:   121        SH:  0    Dex: 11    Spells: 3/3 levels left

rFire    + . .     SeeInvis .   a - +0 mace (chaos)
rCold    x . .     Gourm    .   (no shield)
rNeg     + . .     Faith    .   n - +0 chain mail
rPois    .         Spirit   .   (helmet restricted)
rElec    .         Reflect  .   (no cloak)
rCorr    .         Harm     .   (no gloves)
MR       .....                  (no boots)
Stlth    ..........             (no amulet)
HPRegen  0.12/turn              o - ring of fire
MPRegen  0.09/turn              h - ring of positive energy

@: flying
A: antennae 1, hooves 1, clumsy 1
a: Renounce Religion


You were on level 3 of the Dungeon.
You worshipped Xom.
You were a plaything of Xom.
You were not hungry.

You visited 1 branch of the dungeon, and saw 3 of its levels.

You collected 121 gold pieces.

Inventory:

Hand Weapons
 a - a +0 mace of chaos (weapon)
Missiles
 d - 21 sling bullets
Armour
 b - a +2 leather armour
 n - a +0 chain mail (worn)
Jewellery
 h - a ring of positive energy (right hand)
 o - a ring of fire (left hand)
 u - an uncursed ring of see invisible {unknown}
Wands
 v - a wand of polymorph (8)
Scrolls
 f - a scroll of teleportation
 g - 3 scrolls of identify
 j - a scroll of blinking {unknown}
 p - a scroll of remove curse
 r - a scroll of amnesia {unknown}
Potions
 e - a potion of might {unknown}
 i - 3 potions of curing {unknown}
 k - a potion of heal wounds
 l - a potion of agility {unknown}
 m - 2 potions of flight
 q - a potion of brilliance {unknown}
 s - 2 potions of experience {unknown}
Comestibles
 c - 7 rations
 t - 2 chunks of flesh


   Skills:
 + Level 4.4 Fighting
 + Level 4.0 Maces & Flails
 - Level 1.7 Armour
 - Level 0.8 Dodging


You had 3 spell levels left.
You didn't know any spells.
Your spell library was empty.

Dungeon Overview and Level Annotations

Branches:
Dungeon (3/15)

Altars:
Elyvilon
Ru


Innate Abilities, Weirdness & Mutations

You have a pair of small antennae on your head.
You have large cloven feet.
You are clumsy. (Dex -2)


Message History

The orc completely misses you. The rat closely misses you.
The orc wizard closely misses you.
Unknown command.
You hit the orc wizard but do no damage.
The orc wizard is heavily wounded.
The orc hits you from afar with a +0 trident.
* * * LOW HITPOINT WARNING * * *
The rat bites you but does no damage.
The orc wizard hits you but does no damage.
Unknown command.
You hit the orc wizard.
You kick the orc wizard, but do no damage.
The orc wizard is almost dead.
You kill the orc wizard!
Your Maces & Flails skill increases to level 4!
The orc hits you from afar with a +0 trident.
* * * LOW HITPOINT WARNING * * *
The rat bites you but does no damage.
The orc hits you from afar with a +0 trident.
You die...

#....##. #....##. ....... ###
#. #....##. ..... ..# #..
#....### ..... #.###..#
##.##### ...
#.......####.##... ... #..
.......#.####. #.# #(#
#....#.####. #.# ##@#
###....#.###
.#####.####r)#####÷........##
.......[....o......÷#....##..#
#.##.#####....#####....#.###.#
.. #....# ...#.##.# #.# $.$
#....#..####....# #.# ..
#..>.#. ####.# #.# # #<...#
### #.. #.#... ##.


You could see an orc and a rat.

Vanquished Creatures
  A worker ant (D:2)
  An orc wizard (D:3)
  2 adders (D:2)
  2 dart slugs
  A leopard gecko (D:3)
  An orc (D:3)
  A ball python (D:1)
  7 goblins
  3 hobgoblins
  4 jackals (D:3)
  A quokka (D:2)
  4 bats
  A frilled lizard (D:2)
  10 kobolds
  8 rats
47 creatures vanquished.

Notes
Turn   | Place    | Note
-------+----------+-------------------------------------------
     0 | D:1      | IBeShadow the Demonspawn Chaos Knight began the quest for
                  | the Orb.
     0 | D:1      | Reached XP level 1. HP: 18/18 MP: 1/1
   310 | D:1      | Gained mutation: You have a pair of small antennae on your
                  | head. [demonic ancestry]
   310 | D:1      | Reached XP level 2. HP: 15/24 MP: 2/2
   395 | D:1      | XOM: divination: detect creatures
   658 | D:1      | XOM: divination: detect items
   779 | D:1      | XOM: noise
   860 | D:2      | Reached XP level 3. HP: 14/30 MP: 3/3
   936 | D:2      | XOM: god gift: 15 gold pieces
   993 | D:2      | XOM: harmless Summ miscast
  1329 | D:2      | XOM: harmless Tloc miscast
  1467 | D:2      | Gained mutation: You have large cloven feet. [demonic
                  | ancestry]
  1467 | D:2      | Reached XP level 4. HP: 37/37 MP: 4/4
  1476 | D:2      | XOM: give mutation
  1476 | D:2      | Gained mutation: You are clumsy. (Dex -2) [Xom's mischief]
  1964 | D:2      | XOM: potion effect (brilliance)
  2169 | D:2      | Found a sacrificial altar of Ru.
  2341 | D:3      | Found a white marble altar of Elyvilon.
  2466 | D:3      | XOM: noise
  2506 | D:3      | Slain by an orc

Skill      XL: |  1  2  3  4 |
---------------+-------------+-----
Maces & Flails | 3 4 |  4.0
Fighting       | 4 |  4.4
Armour         | |  1.7
Dodging        | |  0.8

Action                   |  1- 3 |  4- 6 || total
-------------------------+-------+-------++-------
Melee: Mace              |    88 |    78 ||   166
       Kick              |       |    13 ||    13
  Use: Scroll            |     7 |       ||     7
       Potion            |       |     2 ||     2
 Stab: Sleeping          |     1 |       ||     1
       Paralysed         |     1 |       ||     1
       Petrifying        |       |     1 ||     1
       Petrified         |       |     1 ||     1
  Eat: Chunk             |     2 |       ||     2
       Ration            |       |     1 ||     1
Armor: Leather armour    |     9 |       ||     9
       Chain mail        |    57 |    76 ||   133
Dodge: Dodged            |    44 |    49 ||    93
